Map: Deathaura LE

Players

TYTY (TY) - Winner!

  • Race: Terran Terran
  • Spawn Location: 5:00

Maru

  • Race: Terran Terran
  • Spawn Location: 11:00

Event: IEM Katowice 2021

VOD

Have the link to the VOD?

Description

Time

  • Played on: Feb. 22, 2021, 9:30 a.m.
  • Length: 14:33

All games in this series

Show
View Real Time Build Order
Export as new Build Order

TYTY Terran - Winner!

Build Orders: 1/1/1, Hellion Banshee 

Get SALT Encoding   

  12  0:00  SCV  
  13  0:12  SCV  
  14  0:17  Supply Depot  
  14  0:24  SCV  
  15  0:38  SCV  
  15  0:39  Barracks  
  16  0:43  Refinery  
  16  0:50  SCV  
  16  0:53  Refinery  
  17  1:02  SCV  
  18  1:15  SCV  
  19  1:26  Reaper  
  19  1:27  Orbital Command  
  19  1:29  Supply Depot  
  20  1:42  Factory  
  20  1:53  SCV  
  21  1:58  Barracks Reactor  
  21  2:05  SCV  
  22  2:18  SCV  
  23  2:25  Starport  
  23  2:30  SCV  
  23  2:32  Supply Depot  
  23  2:34  Marine x2  
  25  2:37  Hellion  
  28  2:45  Supply Depot  
  27  3:05  Hellion x2  
  31  3:06  Medivac, SCV  
  35  3:15  Supply Depot  
  34  3:20  Command Center  
  34  3:28  Hellion  
  34  3:31  Hellion  
  38  3:34  SCV  
  38  3:36  Starport Tech Lab  
  39  3:44  Supply Depot  
  39  3:47  SCV  
  40  3:54  Banshee  
  43  3:57  Cloaking Field  
  42  4:05  Hellion  
  42  4:09  SCV  
  45  4:22  SCV  
  43  4:34  SCV  
  43  4:37  Banshee  
  44  4:40  Factory Tech Lab  
  44  4:42  Orbital Command  
  44  4:43  Marine x2  
  46  4:55  SCV  
  47  5:01  Marine x2  
  47  5:03  Siege Tank  
  52  5:09  SCV  
  47  5:15  SCV  
  47  5:19  Marine x2  
  54  5:21  SCV  
  54  5:22  Raven  
  54  5:27  SCV  
  54  5:33  SCV  
  55  5:35  Siege Tank  
  55  5:36  Marine  
  55  5:37  Marine  
  55  5:39  SCV  
  59  5:45  SCV  
  57  5:51  SCV  
  57  5:53  Command Center  
  58  5:57  SCV  
  58  5:59  Marine x2  
  58  6:02  Supply Depot, Refinery x2  
  58  6:03  SCV  
  62  6:07  Raven  
  62  6:09  SCV  
  64  6:12  Barracks  
  64  6:15  SCV  
  65  6:20  Supply Depot  
  65  6:21  SCV  
  66  6:27  SCV  
  66  6:28  Marine  
  66  6:29  Stimpack, Factory Tech Lab  
  68  6:34  SCV  
  68  6:39  SCV  
  70  6:40  Engineering Bay  
  70  6:42  Engineering Bay  
  70  6:45  Supply Depot  
  70  6:46  SCV, Marine, Supply Depot  
  72  6:51  SCV, Siege Tank  
  76  6:58  SCV  
  77  7:03  SCV  
  78  7:10  SCV  
  78  7:12  Terran Infantry Armor Level 1, Terran Infantry Weapons Level 1  
  77  7:16  SCV  
  77  7:19  Marine x2  
  77  7:22  Marine  
  77  7:25  Siege Tank  
  77  7:27  Barracks  
  80  7:30  SCV  
  80  7:36  Marine  
  82  7:38  SCV, Barracks x2  
  82  7:40  Marine x2  
  82  7:42  SCV  
  85  7:48  Starport Reactor  
  85  7:50  SCV  
  86  7:54  SCV, Marine  
  86  7:57  Marine  
  86  7:58  Marine  
  90  7:59  Siege Tank  
  92  8:06  SCV x2  
  92  8:09  Orbital Command  
  92  8:12  Marine  
  95  8:13  Combat Shield  
  95  8:14  Barracks Reactor  
  95  8:15  Marine  
  95  8:16  Marine  
  95  8:18  SCV x2  
  98  8:26  Medivac x2  
  102  8:30  Marine  
  102  8:33  SCV x2  
  105  8:36  Supply Depot x2  
  105  8:37  Siege Tank  
  105  8:40  Barracks Reactor  
  105  8:41  Barracks Reactor, Armory  
  108  8:44  SCV  
  108  8:45  SCV  
  111  8:48  SCV, Refinery  
  111  8:49  Refinery  
  111  8:55  Armory  
  111  8:56  Medivac x2, SCV  
  111  8:57  SCV  
  111  9:00  Supply Depot  
  111  9:01  Marine x3  
  120  9:08  SCV x2  
  121  9:13  SCV  
  121  9:17  Siege Tank  
  125  9:20  SCV x2  
  125  9:21  Command Center  
  127  9:25  SCV  
  127  9:26  Viking x2  
  132  9:33  SCV  
  132  9:34  SCV  
  132  9:37  SCV  
  133  9:38  Terran Infantry Weapons Level 2  
  133  9:44  Terran Infantry Armor Level 2  
  133  9:48  SCV x2, Supply Depot  
  133  9:49  SCV, Supply Depot x2  
  133  9:50  Marine x2  
  133  9:52  Supply Depot  
  141  9:59  Viking  
  140  10:02  Refinery x2  
  140  10:03  Starport  
  140  10:07  Starport  
  140  10:09  Missile Turret, Viking  
  140  10:11  Marine x6  
  140  10:13  Terran Vehicle Weapons Level 1, Missile Turret  
  147  10:15  SCV x2  
  147  10:16  SCV  
  147  10:21  Siege Tank  
  152  10:35  Marine x2  
  153  10:36  Viking  
  153  10:39  Viking  
  153  10:41  Marine  
  153  10:42  Marine x2  
  158  10:52  Starport Reactor  
  158  10:54  SCV x2, Siege Tank  
  163  11:02  Marine, Planetary Fortress  
  163  11:03  Marine x6  
  170  11:04  Barracks Reactor  
  170  11:06  Viking  
  170  11:09  Viking x2  
  175  11:14  Sensor Tower  
  175  11:15  Viking  
  177  11:20  Marine  
  177  11:23  Supply Depot  
  177  11:24  Supply Depot  
  177  11:25  Marine  
  177  11:26  Marine x2  
  177  11:27  Marine x2  
  177  11:30  Liberator x2  
  188  11:43  Command Center  
  188  11:45  Siege Tank, Viking  
  193  11:49  Liberator  
  196  11:56  Viking x2  
  196  12:00  Supply Depot  
  200  12:03  Command Center  
  200  12:06  Marine, Sensor Tower  
  200  12:13  Missile Turret x2  
  200  12:20  Marine x2  
  200  12:21  Marine  
  195  12:24  Marine x3  
  195  12:26  Viking x3  
  195  12:28  Siege Tank  
  195  12:29  Marine x3  
  196  12:34  SCV x2  
  196  12:35  Command Center  
  196  12:36  Medivac  
  198  12:53  Viking x2  
  200  13:16  Command Center  
  200  13:18  Command Center  
  198  13:25  Command Center  
  190  13:27  Viking x2  
  190  13:29  Siege Tank  
  190  13:31  Viking x2  
  183  13:36  Marine  
  183  13:37  Marine x6  
  188  13:42  Marine x2  
  188  13:46  Factory  
  187  13:54  Marine x4  
  176  13:55  Viking  
  176  13:56  Viking  
  176  13:57  Marine x2  
  176  13:58  Marine  
  176  14:00  Marine x2  
  179  14:12  Marine x4  
  179  14:14  Marine  
  179  14:15  Marine  
Show
View Real Time Build Order
Export as new Build Order

Maru Terran 

Build Orders:  

Get SALT Encoding   

  12  0:00  SCV  
  13  0:12  SCV  
  14  0:17  Supply Depot  
  14  0:24  SCV  
  15  0:38  SCV  
  15  0:41  Barracks  
  16  0:44  Refinery  
  16  0:50  SCV  
  17  1:00  Barracks  
  17  1:04  SCV  
  18  1:16  SCV  
  19  1:27  Reaper  
  19  1:28  Orbital Command  
  19  1:32  Supply Depot  
  20  1:47  Reaper  
  20  1:53  SCV  
  22  2:04  Reaper  
  22  2:05  SCV  
  24  2:11  Command Center  
  24  2:18  SCV  
  24  2:21  Refinery  
  25  2:29  Supply Depot  
  25  2:30  SCV  
  26  2:40  Marine  
  26  2:42  SCV  
  28  2:44  Factory  
  28  2:58  Marine  
  29  2:59  Bunker  
  29  3:00  SCV  
  30  3:12  SCV  
  31  3:14  Bunker  
  32  3:24  SCV, Orbital Command  
  34  3:30  Factory Tech Lab  
  34  3:33  Barracks Tech Lab  
  31  3:36  SCV  
  31  3:38  Starport  
  31  3:40  Barracks Reactor  
  32  3:48  SCV, Siege Tank  
  32  3:50  SCV  
  32  3:52  Refinery  
  37  3:59  Marine  
  37  4:00  SCV  
  37  4:02  SCV  
  37  4:13  SCV  
  37  4:14  SCV  
  37  4:16  Marine  
  35  4:24  Cyclone  
  35  4:25  SCV  
  35  4:27  SCV  
  36  4:37  SCV  
  38  4:40  SCV  
  40  4:49  SCV  
  39  4:53  SCV  
  39  4:57  Raven  
  39  4:59  Command Center  
  42  5:01  SCV  
  42  5:05  SCV  
  44  5:12  Siege Tank  
  44  5:13  SCV  
  48  5:17  SCV, Refinery  
  48  5:19  Supply Depot  
  49  5:21  Barracks Tech Lab  
  49  5:25  SCV  
  49  5:29  SCV  
  48  5:36  Marine  
  48  5:37  SCV  
  48  5:41  SCV  
  50  5:45  Cyclone  
  50  5:49  SCV  
  53  5:53  SCV  
  53  6:00  Supply Depot  
  53  6:01  SCV  
  54  6:06  SCV  
  52  6:14  SCV  
  52  6:17  Raven  
  54  6:21  SCV  
  55  6:26  SCV  
  55  6:29  Marine x3  
  59  6:33  SCV  
  59  6:36  Orbital Command  
  59  6:38  SCV, Siege Tank  
  64  6:45  SCV  
  65  6:47  Marine  
  65  6:48  Supply Depot  
  65  6:50  SCV  
  67  6:54  Engineering Bay  
  67  6:55  Engineering Bay  
  67  6:58  SCV  
  67  7:00  Raven  
  70  7:04  Supply Depot  
  70  7:05  SCV x2  
  72  7:10  SCV  
  72  7:11  Siege Tank  
  76  7:17  SCV x2  
  78  7:22  Terran Infantry Weapons Level 1  
  78  7:23  Terran Infantry Armor Level 1  
  78  7:26  Marine x3  
  81  7:31  Stimpack, Supply Depot  
  81  7:41  SCV  
  81  7:42  SCV  
  81  7:44  Marine, Orbital Command  
  83  7:45  Barracks  
  83  7:47  Barracks  
  83  7:51  Barracks, Supply Depot  
  84  7:54  SCV x2  
  86  8:06  SCV x2  
  86  8:07  Combat Shield  
  86  8:10  SCV  
  86  8:11  Marine x2, Missile Turret  
  91  8:18  SCV x2  
  92  8:23  SCV, Viking x2  
  94  8:29  Marine  
  94  8:30  SCV x2  
  91  8:35  SCV  
  91  8:38  Supply Depot  
  92  8:42  SCV x2  
  92  8:45  Refinery x2  
  92  8:47  SCV  
  95  8:48  Barracks Reactor  
  95  8:52  Missile Turret  
  95  8:53  Barracks Reactor x2, Armory  
  95  8:54  SCV x2  
  97  8:59  SCV  
  97  9:01  Sensor Tower  
  98  9:06  SCV x2  
  98  9:08  Marine, Viking  
  98  9:09  Viking  
  105  9:11  SCV  
  106  9:18  SCV x2  
  106  9:22  Siege Tank  
  106  9:23  SCV  
  112  9:29  Marine x4  
  112  9:30  Marine  
  117  9:33  SCV x2  
  117  9:34  Supply Depot  
  117  9:35  SCV, Supply Depot  
  117  9:36  Command Center  
  114  9:38  Medivac  
  114  9:39  Medivac  
  114  9:41  Supply Depot  
  117  9:49  Factory  
  117  9:53  Barracks Reactor  
  117  9:54  Barracks Reactor  
  117  9:55  Marine x4  
  117  9:58  Supply Depot, Terran Vehicle Weapons Level 1  
  117  9:59  Terran Infantry Armor Level 2, Terran Infantry Weapons Level 2  
  121  10:01  Marine x2  
  121  10:06  Siege Tank  
  126  10:11  SCV x3  
  126  10:14  Viking x2  
  133  10:22  Missile Turret  
  133  10:23  Missile Turret x2  
  133  10:39  Sensor Tower  
  132  10:43  Marine x5  
  132  10:44  Siege Tank  
  132  10:47  Viking x2  
  144  10:53  Marine x5  
  144  10:54  Siege Tank  
  152  11:01  Marine x3  
  152  11:02  Marine x2  
  153  11:05  SCV x3  
  153  11:07  Sensor Tower  
  153  11:11  Supply Depot x2, Marine  
  157  11:12  Supply Depot  
  157  11:13  Marine x3, Sensor Tower  
  160  11:20  Marine  
  160  11:21  Marine x3, Missile Turret  
  160  11:24  Supply Depot  
  164  11:27  Starport  
  164  11:28  Starport  
  164  11:32  SCV x3, Marine x2, Planetary Fortress  
  169  11:43  Viking  
  169  11:44  Refinery x2  
  170  11:51  Armory  
  170  11:55  Terran Vehicle Weapons Level 2  
  170  11:58  Viking  
  172  12:01  Supply Depot  
  172  12:02  Marine x5  
  177  12:10  Viking x2  
  177  12:13  Viking  
  182  12:20  Marine  
  177  12:26  Siege Tank x2  
  177  12:27  Marine  
  177  12:28  Marine  
  161  12:31  Viking  
  161  12:32  Marine x2  
  165  12:38  Marine x2  
  165  12:40  Viking  
  164  12:51  Marine  
  164  12:57  Command Center  
  164  12:58  Siege Tank  
  165  13:02  Viking x2  
  172  13:10  Viking x2  
  160  13:31  Marine x6, Siege Tank x2  
  160  13:32  Viking x2  
  170  13:40  Viking  
  170  13:45  Viking  
  168  13:53  Marine x2  
  162  13:56  Marine x4  
  150  14:05  SCV  
  154  14:11  Marine x2  
  154  14:13  Factory Tech Lab  
  154  14:14  Marine x4  

Tags
 
Composition
Hellion Banshee
Matchup
TvT
Opening
1/1/1
Player
MaruTY
Race
Terran
Spawn Locations
Cross Positions
Add a new tag
Caveats
  • Supply blocks, unpowered buildings, or Contaminate may cause inaccurate times.
  • Supply counts are checked every 10 seconds.